Map: Data-C

Players

FoxeR

  • Race: Terran Terran
  • Spawn Location: 3:00

DnS - Winner!

  • Race: Protoss Protoss
  • Spawn Location: 9:00

Event: DreamHack SC2 Masters 2022 Atlanta (Offline)

VOD

Have the link to the VOD?

Description

Time

  • Played on: Nov. 18, 2022, 10:13 a.m.
  • Length: 11:01

All games in this series

Show
View Real Time Build Order
Export as new Build Order

FoxeR Terran 

Build Orders:  

Get SALT Encoding   

  12  0:00  SCV  
  13  0:12  SCV  
  14  0:17  Supply Depot  
  14  0:25  SCV  
  15  0:38  SCV  
  15  0:39  Barracks  
  16  0:45  Refinery  
  16  0:50  SCV  
  17  1:02  SCV  
  18  1:14  Engineering Bay  
  18  1:15  SCV  
  19  1:29  Marine, Orbital Command  
  20  1:49  Command Center  
  20  1:53  Barracks Reactor  
  20  1:55  SCV  
  21  2:07  Supply Depot, SCV  
  22  2:14  Barracks  
  22  2:19  SCV  
  23  2:27  Engineering Bay  
  23  2:30  Marine x2  
  23  2:32  SCV  
  26  2:45  SCV  
  26  2:48  Marine x2  
  26  2:49  Barracks  
  29  2:56  Terran Infantry Weapons Level 1  
  29  2:58  SCV  
  30  3:06  Marine  
  30  3:10  Barracks Tech Lab  
  30  3:11  Orbital Command  
  31  3:14  SCV  
  31  3:19  Marine  
  33  3:26  SCV  
  34  3:27  Marine  
  34  3:29  Stimpack  
  34  3:30  Marine  
  36  3:36  SCV, Marine  
  36  3:37  Marine  
  36  3:38  SCV  
  40  3:43  Supply Depot  
  40  3:45  Marine  
  40  3:48  SCV, Marine  
  41  3:55  Supply Depot, SCV, Marine  
  44  3:56  Barracks Tech Lab  
  44  4:01  SCV  
  46  4:05  Marine  
  46  4:07  SCV  
  48  4:13  SCV  
  49  4:18  Refinery, Marauder x2  
  49  4:19  Refinery  
  49  4:20  SCV  
  49  4:21  Combat Shield  
  54  4:25  SCV  
  55  4:32  SCV, Marine x2  
  55  4:36  Supply Depot  
  55  4:37  SCV  
  56  4:40  Marauder  
  56  4:44  SCV  
  59  4:46  Marine  
  59  4:50  Marine  
  59  4:51  SCV  
  59  4:52  Factory  
  62  4:57  Marine  
  62  4:58  SCV  
  62  5:01  Marine  
  62  5:04  Marine  
  63  5:07  SCV  
  63  5:08  Marine  
  63  5:11  SCV, Terran Infantry Armor Level 1  
  66  5:14  Supply Depot  
  66  5:15  Marine  
  66  5:18  Concussive Shells  
  66  5:19  SCV  
  68  5:22  Supply Depot, Marauder  
  70  5:29  Refinery  
  70  5:35  Marine  
  70  5:36  SCV x2, Marauder  
  70  5:37  Starport  
  75  5:45  Marine  
  75  5:46  Marauder  
  75  5:48  SCV  
  75  5:49  SCV  
  79  5:55  Marine  
  79  5:56  Factory Reactor  
  75  5:57  Marauder  
  75  5:59  Supply Depot  
  75  6:00  SCV  
  75  6:01  SCV  
  77  6:12  SCV, Marauder, Marine  
  77  6:14  SCV  
  82  6:21  Supply Depot  
  82  6:24  Marine  
  82  6:25  Marauder  
  85  6:26  SCV  
  85  6:29  Command Center  
  86  6:33  SCV  
  86  6:39  Medivac x2  
  91  6:40  Marine  
  91  6:42  Marine  
  91  6:46  SCV  
  92  6:48  SCV  
  92  6:49  Missile Turret  
  91  6:58  SCV, Missile Turret  
  91  7:00  SCV, Marauder x2  
  96  7:01  Factory Reactor  
  96  7:10  SCV  
  96  7:11  Medivac x2  
  96  7:12  SCV  
  102  7:16  Barracks  
  102  7:20  Barracks  
  102  7:21  Marine  
  103  7:26  SCV, Marauder  
  103  7:27  SCV  
  107  7:31  Supply Depot  
  107  7:33  Supply Depot  
  107  7:38  SCV  
  107  7:40  Armory  
  107  7:43  SCV  
  109  7:44  Orbital Command  
  113  7:51  Marauder x2  
  113  7:52  SCV  
  113  7:56  SCV  
  113  7:58  Engineering Bay  
  115  7:59  Missile Turret  
  115  8:03  Widow Mine  
  115  8:04  SCV  
  115  8:05  Barracks Tech Lab  
  118  8:06  Barracks Tech Lab  
  118  8:09  SCV  
  118  8:10  SCV  
  123  8:12  Marauder  
  123  8:13  Marauder  
  123  8:16  SCV  
  123  8:17  Supply Depot  
  123  8:18  Supply Depot  
  124  8:21  Widow Mine  
  124  8:22  SCV  
  124  8:23  SCV  
  128  8:32  Marine  
  128  8:33  Marauder x2  
  137  8:34  Marauder x2  
  136  8:42  Viking x2  
  136  8:44  SCV x3  
  136  8:48  Refinery  
  131  8:51  Refinery  
  131  8:52  Supply Depot  
  131  8:53  Supply Depot  
  131  8:54  Widow Mine x2, Marauder  
  137  8:56  SCV  
  137  9:01  Marauder  
  140  9:04  SCV x2  
  140  9:08  SCV  
  140  9:09  Marauder x2  
  147  9:12  Supply Depot  
  147  9:16  SCV  
  148  9:17  Viking x2  
  148  9:22  SCV  
  153  9:24  Ghost Academy  
  154  9:31  Marauder x2, Marine  
  154  9:32  Marauder  
  159  9:40  Marauder, Marine  
  159  9:43  Command Center  
  162  9:49  Marine  
  162  9:52  Viking  
  166  9:53  Marauder  
  166  9:59  Viking  
  170  10:01  Ghost x3  
  170  10:06  Sensor Tower  
  170  10:18  Supply Depot  
  170  10:19  Supply Depot  
  167  10:22  Viking  
  167  10:23  Marauder, Marine  
  167  10:25  SCV  
  167  10:26  SCV  
  171  10:29  Viking  
  171  10:30  Marauder  
  171  10:32  Marauder x2, Marine  
  178  10:41  Marine  
Show
View Real Time Build Order
Export as new Build Order

DnS Protoss - Winner!

Build Orders: 1 Gate Expand, Oracle Opening, Phoenix Opening 

Get SALT Encoding   

  12  0:00  Probe  
  13  0:12  Probe  
  14  0:18  Pylon  
  14  0:24  Probe (Chrono Boost)  
  15  0:37  Probe (Chrono Boost), Gateway  
  16  0:44  Probe (Chrono Boost)  
  16  0:47  Assimilator  
  17  0:51  Probe  
  18  1:03  Probe  
  19  1:19  Probe  
  20  1:29  Cybernetics Core  
  20  1:39  Nexus  
  20  1:44  Probe  
  21  1:49  Pylon  
  21  1:57  Probe  
  21  2:00  Assimilator  
  22  2:05  Adept (Chrono Boost)  
  24  2:09  Probe  
  25  2:21  Probe  
  26  2:26  Stargate  
  26  2:30  Adept  
  26  2:33  Probe  
  29  2:40  Warp Gate  
  29  2:46  Probe (Chrono Boost)  
  31  2:52  Probe (Chrono Boost)  
  31  2:58  Probe (Chrono Boost)  
  32  3:00  Adept, Probe (Chrono Boost)  
  32  3:03  Probe (Chrono Boost)  
  36  3:08  Probe  
  36  3:10  Oracle (Chrono Boost)  
  37  3:15  Probe  
  41  3:20  Probe  
  41  3:22  Pylon  
  42  3:27  Probe  
  42  3:29  Gateway  
  42  3:33  Probe  
  44  3:39  Probe  
  44  3:40  Phoenix  
  47  3:45  Probe  
  48  3:49  Pylon  
  48  3:51  Robotics Facility, Probe  
  49  3:57  Probe  
  50  4:03  Probe  
  52  4:10  Probe  
  52  4:14  Shield Battery  
  52  4:15  Probe, Pylon  
  52  4:16  Assimilator x2  
  54  4:24  Probe  
  54  4:26  Pylon  
  54  4:28  Adept, Sentry  
  54  4:31  Probe  
  59  4:36  Probe  
  60  4:40  Immortal (Chrono Boost)  
  64  4:46  Probe  
  64  4:47  Pylon  
  64  4:50  Robotics Bay  
  65  5:02  Adept x2  
  69  5:08  Probe x2  
  69  5:10  Immortal (Chrono Boost)  
  75  5:16  Nexus  
  75  5:22  Pylon  
  75  5:25  Probe x2  
  77  5:30  Pylon  
  77  5:35  Adept x2  
  81  5:46  Shield Battery  
  81  5:47  Pylon  
  81  5:54  Probe  
  81  5:55  Probe  
  81  5:58  Nexus  
  81  6:01  Colossus (Chrono Boost)  
  81  6:06  Probe  
  81  6:08  Probe  
  89  6:12  Shield Battery  
  89  6:17  Forge  
  89  6:19  Probe  
  89  6:20  Sentry  
  89  6:21  Sentry  
  89  6:22  Extended Thermal Lance  
  94  6:27  Twilight Council  
  94  6:30  Probe  
  94  6:31  Probe  
  96  6:42  Colossus (Chrono Boost)  
  96  6:44  Protoss Ground Weapons Level 1 (Chrono Boost)  
  102  6:49  Blink (Chrono Boost)  
  102  6:57  Gateway  
  102  6:59  Gateway  
  102  7:00  Stalker  
  102  7:01  Stalker  
  106  7:06  Probe  
  106  7:07  Probe  
  108  7:10  Probe  
  108  7:15  Gateway  
  109  7:20  Gateway  
  109  7:24  Gateway  
  109  7:25  Gateway  
  109  7:33  Colossus  
  109  7:36  Stalker  
  117  7:41  Stalker  
  117  7:42  Probe x3  
  122  7:45  Pylon  
  122  7:46  Pylon  
  122  7:49  Assimilator  
  122  7:54  Probe x3, Assimilator  
  125  8:02  Templar Archives  
  125  8:03  Gateway  
  125  8:04  Gateway  
  125  8:07  Gateway  
  125  8:08  Probe x2  
  128  8:20  Pylon  
  128  8:25  Nexus  
  128  8:26  Pylon  
  127  8:29  Warp Prism  
  127  8:32  Stalker x4  
  137  8:36  Charge (Chrono Boost)  
  137  8:39  Stalker x2  
  141  8:42  Protoss Ground Weapons Level 2 (Chrono Boost)  
  141  8:54  Nexus  
  139  9:05  Stalker x3  
  139  9:08  Pylon  
  145  9:14  Probe x3  
  148  9:18  Pylon x2  
  148  9:29  Zealot, High Templar x2  
  148  9:30  Zealot x3, High Templar x2  
  164  9:35  Archon x2, Pylon  
  164  9:43  Shield Battery  
  164  9:46  Probe x2  
  164  9:47  Observer, Probe  
  164  9:52  High Templar x2  
  172  9:53  Zealot x4  
  172  9:57  Archon  
  172  9:58  Pylon  
  180  10:03  Zealot x3  
  180  10:04  Zealot  
  186  10:25  Zealot x8  
  200  10:31  Probe x2  
  194  10:37  Stalker x2  
  194  10:38  Probe  
  194  10:39  Probe  
  180  10:47  Stalker x7  
Tags
 
Add a new tag
Caveats
  • Supply blocks, unpowered buildings, or Contaminate may cause inaccurate times.
  • Supply counts are checked every 10 seconds.